Map: Blackpink LE

Players

JonSnow - Winner!

  • Race: Zerg Zerg
  • Spawn Location: 1:00

JackO

  • Race: Protoss Protoss
  • Spawn Location: 7:00

Event: WCS Leipzig 2018

VOD

Have the link to the VOD?

Description

Time

  • Played on: Jan. 26, 2018, 7:38 a.m.
  • Length: 5:57

All games in this series

Show
View Real Time Build Order
Export as new Build Order

JonSnow Zerg - Winner!

Build Orders: Hatch First 

Get SALT Encoding   

  12  0:01  Drone  
  13  0:12  Overlord  
  13  0:23  Drone  
  14  0:31  Drone x2  
  16  0:36  Drone  
  17  0:52  Hatchery  
  17  0:56  Drone  
  17  0:58  Drone  
  18  1:09  Extractor  
  17  1:14  Spawning Pool  
  16  1:19  Drone  
  16  1:20  Drone  
  18  1:35  Overlord  
  18  1:45  Drone  
  19  1:58  Drone  
  20  2:02  Zergling x2, Queen  
  20  2:03  Queen  
  20  2:04  Zergling x2  
  26  2:13  Metabolic Boost  
  26  2:16  Drone x2  
  26  2:22  Drone  
  29  2:38  Hatchery  
  29  2:40  Drone  
  29  2:43  Drone  
  29  2:44  Drone  
  31  2:50  Zergling x2  
  31  2:51  Zergling x2  
  33  2:55  Evolution Chamber  
  33  2:57  Zergling x2  
  33  3:00  Zergling x2  
  34  3:07  Zergling x2  
  35  3:14  Zergling x2  
  35  3:18  Zergling x2  
  36  3:20  Overlord  
  35  3:31  Zergling x2  
  36  3:36  Overlord  
  36  3:38  Spore Crawler  
  36  3:39  Spore Crawler  
  36  3:41  Zergling x8  
  35  3:47  Zergling x2  
  39  3:51  Zergling x2  
  39  3:52  Zergling x2  
  41  3:58  Zergling x6  
  41  3:59  Zergling x2  
  44  4:03  Zergling x8  
  47  4:16  Zergling x2  
  49  4:17  Zergling x6  
  49  4:22  Drone  
  47  4:28  Drone x2  
  48  4:32  Queen  
  48  4:37  Drone x3  
  48  4:38  Drone  
  49  4:57  Overlord x2  
  49  4:59  Spore Crawler, Overlord  
  45  5:11  Zergling x14  
  50  5:19  Zergling x8  
  51  5:25  Zergling x6  
  54  5:32  Zergling x2  
  54  5:33  Zergling x4  
Show
View Real Time Build Order
Export as new Build Order

JackO Protoss 

Build Orders: 1 Gate Expand, Oracle Opening, Phoenix Opening 

Get SALT Encoding   

  12  0:00  Probe  
  13  0:12  Probe  
  14  0:18  Pylon  
  14  0:24  Probe  
  15  0:37  Probe (Chrono Boost)  
  15  0:39  Gateway  
  16  0:45  Assimilator  
  17  0:50  Probe (Chrono Boost)  
  17  0:55  Probe (Chrono Boost)  
  18  1:05  Probe  
  19  1:22  Nexus  
  19  1:25  Probe  
  20  1:36  Cybernetics Core  
  20  1:39  Probe  
  21  1:45  Assimilator  
  21  1:51  Probe  
  22  1:54  Pylon  
  22  2:03  Probe  
  23  2:10  Adept (Chrono Boost)  
  23  2:11  Probe, Warp Gate (Chrono Boost)  
  26  2:19  Probe  
  26  2:29  Stargate  
  27  2:30  Probe  
  27  2:32  Adept (Chrono Boost)  
  27  2:36  Probe  
  31  2:42  Probe  
  32  2:48  Probe  
  33  2:54  Probe  
  34  3:01  Probe  
  35  3:06  Probe  
  35  3:10  Oracle (Chrono Boost)  
  35  3:11  Adept  
  38  3:13  Probe  
  40  3:22  Probe  
  41  3:28  Shield Battery, Gateway  
  41  3:32  Pylon  
  41  3:36  Probe  
  41  3:40  Adept  
  42  3:42  Phoenix  
  42  3:47  Pylon  
  44  3:49  Probe  
  44  3:54  Probe  
  46  3:59  Gateway  
  46  4:02  Probe  
  47  4:06  Shield Battery  
  47  4:07  Probe  
  48  4:21  Adept  
  41  4:33  Probe x2  
  41  4:38  Adept, Oracle (Chrono Boost)  
  34  4:45  Probe  
  31  4:46  Adept  
  29  4:57  Adept  
  31  5:14  Probe  
  31  5:21  Pylon  
  32  5:26  Probe  
  31  5:39  Probe  
  30  5:46  Gateway  
  30  5:47  Adept x2  
Tags
 
Add a new tag
Caveats
  • Supply blocks, unpowered buildings, or Contaminate may cause inaccurate times.
  • Supply counts are checked every 10 seconds.